 Dungeon Crawl Stone Soup version 0.28-a0-239-g68911e0c57 (webtiles) character file.

Game seed: 8148400595863941779

7186 huihihh the Cleaver (level 10, -2/132 HPs)
             Began as a Minotaur Fighter on Aug 23, 2021.
             Was a Follower of Ashenzari.
             Slain by an orc warrior (3 damage)
             ... on level 10 of the Dungeon.
             The game lasted 00:35:33 (11131 turns).

huihihh the Cleaver (Minotaur Fighter)             Turns: 11131, Time: 00:35:33

Health: -2/132     AC: 25    Str: 25    XL:     10   Next: 87%
Magic:  9/9        EV:  2    Int:  5    God:    Ashenzari [*.....]
Gold:   671        SH: 14    Dex: 11    Spells: 9/9 levels left

rFire   + . .      SeeInvis .   a - +0 war axe
rCold   + + .      Faith    .   f - +3 buckler of Buaceulu {rPois Dex+2}
rNeg    + + +      Spirit   .   (armour currently unavailable)
rPois   +          Reflect  +   (helmet currently unavailable)
rElec   +          Harm     .   (cloak currently unavailable)
rCorr   +          Rampage  .   (gloves currently unavailable)
Will    .....      NoTele   +   (boots currently unavailable)
Stlth   ++........              w - amulet of Supernal Gnosis {Reflect rElec rC+ rN+ SH+5, Cun, Melee} (curse)
HPRegen 0.32/turn               (no ring)
MPRegen 0.11/turn               (no ring)

@: mighty, tree-form (expiring), resistant
A: stationary, stasis, torment immunity, boosted hp, (horns 2), (retaliatory
headbutt)
a: Renounce Religion, Curse Item, Shatter the Chains


You were on level 10 of the Dungeon.
You worshipped Ashenzari.
Ashenzari was aware of your devotion.
You were a tree.
You visited 2 branches of the dungeon, and saw 11 of its levels.

You collected 671 gold pieces.

Inventory:

Hand Weapons
 a - a +0 war axe (weapon)
Armour
 f - the +3 buckler of Buaceulu (worn) {rPois Dex+2}
   (You acquired it on level 9 of the Dungeon)

   Dex:       It affects your dexterity (+2).
   rPois:     It protects you from poison.
 r - a +3 ring mail (melded)
 C - the cursed scarf of the Restrained Sun (melded) {rC+ rF+, Cun, Comp}
   (You found it on level 7 of the Dungeon)

   It has a curse which improves the following skills: Cunning: Dodging and
   Stealth.
   Companions: Summonings and Necromancy.
Jewellery
 b - a ring of wizardry
 j - an amulet of regeneration
 l - an amulet of the acrobat
 n - a ring of fire
 p - a ring of willpower
 s - an amulet of guardian spirit
 w - the cursed amulet of Supernal Gnosis (around neck) {Reflect rElec rC+ rN+ SH+5, Cun, Melee}
   (You found it on level 5 of the Dungeon)

   [amulet of reflection]

   It reflects blocked missile attacks.
   rC:        It protects you from cold.
   rElec:     It insulates you from electricity.
   rN:        It protects you from negative energy.
   SH:        It affects your SH (+5).
   It has a curse which improves the following skills: Cunning: Dodging and
   Stealth.
   Melee Combat: Short Blades, Long Blades, Axes, Maces & Flails, Polearms,
   Staves and Unarmed Combat.
 x - a ring of fire
Wands
 g - a wand of digging (5)
 v - a wand of flame (23)
 D - a wand of paralysis (6)
Scrolls
 h - 3 scrolls of enchant armour
 o - 6 scrolls of identify
 t - 2 scrolls of holy word
 B - a scroll of enchant weapon
 F - a scroll of magic mapping
Potions
 d - a potion of might
 e - a potion of lignification
 i - 3 potions of flight
 q - a potion of resistance
 u - 2 potions of magic
 A - 2 potions of curing
 E - a potion of brilliance


   Skills:
 + Level 8.2 Fighting
 + Level 12.7(13.6) Axes
 + Level 8.3 Armour
 + Level 6.1(7.1) Dodging
 + Level 2.4(3.3) Stealth
 + Level 8.9 Shields
 + Level 0.4 Evocations


You had 9 spell levels left.
You didn't know any spells.
Your spell library contained the following spells:

 Spells                   Type           Power      Damage    Failure   Level
 Magic Dart               Conj           0%         1d3       47%         1
 Call Imp                 Summ           0%         N/A       63%         2
 Mephitic Cloud           Conj/Pois/Air  0%         N/A       85%         3
 Stone Arrow              Conj/Erth      0%         3d7       85%         3
 Petrify                  Tmut/Erth      0%         N/A       99%         4
 Bolt of Magma            Conj/Fire/Erth 0%         4d4       100%        5
 Metabolic Englaciation   Hex/Ice        0%         N/A       100%        5
 Statue Form              Tmut/Erth      0%         N/A       100%        6
 Shatter                  Erth           0%         3d5*      100%        9


Dungeon Overview and Level Annotations

Branches:
Dungeon (10/15)            Temple (0/1) D:5            Lair (1/6) D:8
    Orc: D:9-12

Altars:
Ashenzari
Sif Muna

Shops:
D:1 [   D:5 *

Annotations:
Lair:1 Urug


Innate Abilities, Weirdness & Mutations

You are a tree.
Your roots penetrate the ground, keeping you stationary.
You cannot be teleported.
You are immune to unholy pain and torment.
Your maximum health is greatly increased.
Your equipment is partially melded.
((You have a pair of horns on your head.))
((You reflexively headbutt those who attack you in melee.))


Message History

You block the orc warrior's attack. You block the orc warrior's attack.
The orc warrior hits you but does no damage.
You barely miss the orc warrior.
The orc warrior is heavily wounded.
The orc warrior hits you but does no damage.
The orc warrior completely misses you. You block the orc warrior's attack.
The orc warrior completely misses you. You block the orc warrior's attack.
The orc warrior hits you with a +0 glaive.
* * * LOW HITPOINT WARNING * * *
The orc warrior hits you but does no damage.
You block the orc warrior's attack. You block the orc warrior's attack.
You block the orc warrior's attack.
The orc warrior hits you with a +0 glaive!
* * * LOW HITPOINT WARNING * * *
You block the orc warrior's attack.
The orc warrior hits you but does no damage.
You block the orc warrior's attack. You block the orc warrior's attack.
You block the orc warrior's attack.
The orc warrior hits you but does no damage.
The orc warrior hits you with a +0 glaive.
* * * LOW HITPOINT WARNING * * *
You hit the orc warrior but do no damage.
The orc warrior is heavily wounded.
You completely miss the orc warrior.
The orc warrior is heavily wounded.
The orc warrior hits you with a +0 glaive.
* * * LOW HITPOINT WARNING * * *
You hit the orc warrior.
The orc warrior is severely wounded.
Your transformation is almost over.
You block the orc warrior's attack.
You hit the orc warrior.
The orc warrior is almost dead.
The orc warrior hits you with a +0 glaive.
You die...

#.##.....
#.##.#.###.###
..
#......#.....#..
####.#.#.....#.
#.#.......)
....#.....
.....#..cD. ..
###.#####o###
#.#
....#.†♣..#⌠...
8.8.#..(..#....
.8....$!)....⌠.
.8.8.#..(..#....
.... #.....# ...
##.# ###.#####.#
.....##...##....
.....#.....#.).
#....#.....#


You could see an orc warrior, an acid dragon and a centaur.

Vanquished Creatures
  A boulder beetle (D:10)
  A death yak (D:9)
  A two-headed ogre (D:10)
  The ghost of ardl the Ruffian, a novice TrMo of Elyvilon (D:5)
  2 trolls (D:10)
  A vampire (D:9)
  A wraith (D:10)
  3 yaks (D:9)
  2 steam dragons
  An acid dragon (D:10)
  5 water moccasins
  Duvessa (D:4)
  An ice beast (D:8)
  3 orc warriors
  2 black bears (D:6)
  A necrophage (D:8)
  An ogre (D:4)
  A centaur (D:7)
  A phantom (D:6)
  A kobold brigand (D:6)
  Blork the orc (D:6)
  4 bullfrogs
  3 scorpions
  A wyvern zombie (D:8)
  Dowan (D:4)
  A water moccasin zombie (D:7)
  3 wights (D:8)
  2 howler monkeys
  4 centaur zombies
  A bullfrog zombie (D:5)
  3 water moccasin simulacra (D:5)
  5 orc priests
  3 jellies (D:7)
  A gnoll shaman (D:8)
  Jessica (D:2)
  2 iguanas
  2 orc wizards
  A hound skeleton (D:5)
  A howler monkey zombie (D:6)
  5 gnolls (D:8)
  5 adders
  A white imp (D:5)
  An adder skeleton (D:4)
  3 worms
  A dart slug (D:3)
  19 orcs
  13 ball pythons
  6 bats
  11 endoplasms
  2 giant cockroaches
  8 goblins
  5 hobgoblins
  5 jackals
  3 quokkas
  4 frilled lizards
  10 kobolds
  3 rats
176 creatures vanquished.

Vanquished Creatures (others)
  A scorpion (D:7)
  An orc wizard (D:6)
  A kobold (D:6)
  5 fungi (D:2)
  2 plants (D:2)
10 creatures vanquished.

Grand Total: 186 creatures vanquished

Notes
Turn   | Place    | Note
-------+----------+-------------------------------------------
     0 | D:1      | huihihh the Minotaur Fighter began the quest for the Orb.
     0 | D:1      | Reached XP level 1. HP: 19/19 MP: 0/0
   107 | D:1      | Found Joqiod's Armour Shoppe.
   229 | D:1      | Reached XP level 2. HP: 16/27 MP: 1/1
   654 | D:1      | You fall into a shaft and drop 1 floor!
   713 | D:2      | Found a broken altar of Ashenzari.
   931 | D:2      | Reached skill level 3 in Axes
   931 | D:2      | Reached XP level 3. HP: 22/33 MP: 2/2
  1137 | D:2      | Found a faded altar of an unknown god.
  1274 | D:2      | Noticed Jessica
  1277 | D:2      | Killed Jessica
  1278 | D:2      | Reached XP level 4. HP: 27/40 MP: 3/3
  1863 | D:2      | Became a worshipper of Ashenzari the Shackled
  2551 | D:3      | Found a shimmering blue altar of Sif Muna.
  2607 | D:3      | Reached XP level 5. HP: 27/46 MP: 4/4
  3090 | D:4      | Noticed Duvessa
  3090 | D:4      | Noticed Dowan
  3094 | D:3      | Reached skill level 4 in Axes
  3339 | D:4      | Killed Duvessa
  3340 | D:4      | Reached skill level 5 in Armour
  3340 | D:4      | Reached skill level 1 in Dodging
  3404 | D:4      | Killed Dowan
  3405 | D:4      | Reached skill level 5 in Shields
  3405 | D:4      | Reached XP level 6. HP: 40/53 MP: 5/5
  3516 | D:4      | Reached skill level 5 in Axes
  4124 | D:5      | Entered Level 5 of the Dungeon
  4185 | D:5      | Found a staircase to the Ecumenical Temple.
  4316 | D:5      | Reached XP level 7. HP: 60/60 MP: 6/6
  4338 | D:5      | Noticed ardl's ghost (novice TrMo)
  4387 | D:5      | Found a runed translucent gate.
  4387 | D:5      | Found a runed translucent gate.
  4387 | D:5      | Found a runed translucent gate.
  4520 | D:5      | Found Xasarr's Serpentskin Sales.
  4527 | D:5      | Reached skill level 5 in Fighting
  4527 | D:5      | Reached skill level 6 in Axes
  4778 | D:5      | Identified the amulet "Egyas" {Reflect rElec rC+ rN+ SH+5}
  4794 | D:5      | Reached skill level 7 in Axes
  4799 | D:5      | Reached XP level 8. HP: 35/68 MP: 7/7
  5099 | D:5      | Killed ardl's ghost
  5100 | D:5      | Reached skill level 8 in Axes
  5486 | D:6      | Reached skill level 9 in Axes
  5686 | D:6      | Reached XP level 9. HP: 18/75 MP: 8/8
  6135 | D:6      | Identified a scroll of acquirement
  6359 | D:6      | Noticed Blork the orc
  6372 | D:6      | Killed Blork the orc
  6373 | D:6      | Reached skill level 1 in Stealth
  6760 | D:7      | Reached skill level 10 in Axes
  7109 | D:7      | Reached skill level 5 in Dodging
  7335 | D:7      | Reached * piety under Ashenzari
  7610 | D:8      | Reached skill level 11 in Axes
  7945 | D:8      | Noticed a death yak
  7945 | D:8      | Noticed a death yak
  7946 | D:8      | Noticed a death yak
  7947 | D:8      | Noticed a death yak
  7948 | D:8      | Found a staircase to the Lair.
  7948 | D:8      | Noticed a death yak
  8630 | D:9      | Killed a death yak
  8631 | D:9      | Reached XP level 10. HP: 20/86 MP: 9/9
 10058 | D:9      | Acquired the +3 buckler of Buaceulu {rPois Dex+2}
 10084 | D:10     | Entered Level 10 of the Dungeon
 10132 | D:10     | Reached skill level 12 in Axes
 10321 | D:10     | Noticed a two-headed ogre
 10321 | D:10     | Noticed a boulder beetle
 10352 | D:10     | Killed a boulder beetle
 10744 | Lair:1   | Entered Level 1 of the Lair of Beasts
 10757 | Lair:1   | Noticed Urug
 11092 | D:10     | Killed a two-headed ogre
 11120 | D:10     | HP: 3/132 [orc warrior (7)]
 11127 | D:10     | HP: 2/132 [orc warrior (3)]
 11131 | D:10     | Slain by an orc warrior

Illustrated notes

Levels and vault maps discovered:
D:1:      scummos_arrival_simple_crosswalls, layout_loops_cross, serial_shops,
          nicolae_shop_temple_entry_statues_fountains
D:2:      layout_basic, basic_altar, shapermc_ecumenical_altar_mp_urbaneastern,
          uniq_jessica
D:3:      layout_loops_ring, lemuel_doored_altar
D:4:      layout_rooms, uniq_duvessa
D:5:      layout_gridville, minmay_temple_entry_ruins, gammafunk_ghost_icy,
          guppyfry_shop_venom
D:6:      layout_cave_pools, kennysheep_decorative_pillar, uniq_blork_the_orc
D:7:      layout_cave_pools, hex_tiny, st_stairs_11
D:8:      minmay_razor_zed, layout_cave_pools, dpeg_lair_monsters
D:9:      layout_loops_cross
D:10:     layout_loops_corners, serial_shops, shop_coins,
          minmay_chambers_of_fives, uniq_erica
Lair:1:   layout_chaotic_city, gauntlet_entry_generic,
          gammafunk_ghost_abyssal_escape, grunt_megastairs_1, uniq_urug

Skill      XL: |  1  2  3  4  5  6  7  8  9 10 |
---------------+-------------------------------+-----
Armour         | 4 5 6 7 8 |  8.3
Fighting       | 4 5 6 7 8 |  8.2
Shields        | 4 5 6 7 8 |  8.9
Axes           | 3 4 5 7 9 11 12 | 12.7
Dodging        | 1 3 4 5 6 |  6.1
Stealth        | 1 2 |  2.4
Evocations     | |  0.4

Action                   |  1- 3 |  4- 6 |  7- 9 | 10-12 || total
-------------------------+-------+-------+-------+-------++-------
Melee: War axe           |    76 |   136 |   241 |   125 ||   578
       Headbutt          |    18 |    23 |    48 |    33 ||   122
Invok: Curse Item        |       |       |     2 |       ||     2
Evoke: Wand              |       |       |     3 |     2 ||     5
  Use: Potion            |       |       |    12 |     4 ||    16
       Scroll            |       |       |     8 |     3 ||    11
 Stab: Sleeping          |       |       |     1 |       ||     1
Armor: Scale mail        |    24 |     8 |       |       ||    32
       Ring mail         |       |    55 |   104 |    24 ||   183
       Skin              |       |       |    44 |     7 ||    51
Dodge: Dodged            |    15 |    44 |   101 |    36 ||   196
Block: Kite shield       |    24 |    67 |   164 |    35 ||   290
       Reflection        |       |       |     6 |     1 ||     7
       Buckler           |       |       |       |    38 ||    38

Table legend: (Time is in decaauts)
 A = Elapsed time spent in this place.
 B = Non-inter-level travel time spent in this place.
 C = Inter-level travel time spent in this place.
 D = Time resting spent in this place.
 E = Time spent auto-exploring this place.
 F = Levels seen in this place.
 G = Mean time per level.
                   A        B        C        D        E       F      G
               +--------+--------+--------+--------+--------+-----+--------+
         Total |  11246 |  10946 |    300 |   3554 |   4477 |  11 | 1022.4 |
       Dungeon |  11213 |  10913 |    300 |   3554 |   4477 |  10 | 1121.3 |
          Lair |     32 |     32 |      0 |      0 |      0 |   1 |   32.0 |
               +--------+--------+--------+--------+--------+-----+--------+

Top non-repeatable levels by time:
     D:9: 1832 daAuts
     D:2: 1398 daAuts
     D:5: 1314 daAuts
     D:6: 1279 daAuts
     D:8: 1226 daAuts
     D:3: 1166 daAuts
     D:1: 887 daAuts
     D:4: 783 daAuts
    D:10: 671 daAuts
     D:7: 655 daAuts
  Lair:1: 32 daAuts
